 Dungeon Crawl Stone Soup version 0.31.0-11-ge490571c62 (webtiles) character file.

Game seed: 1540396306874721565

809 tacotaco the Chopper (level 7, -9/61 HPs)
             Began as a Minotaur Fighter on Jan 25, 2024.
             Was an Initiate of Okawaru.
             Mangled by an ice beast (19 damage)
             ... on level 5 of the Dungeon on Jan 26, 2024.
             The game lasted 00:08:57 (4142 turns).

tacotaco the Chopper (Minotaur Fighter)             Turns: 4142, Time: 00:08:58

Health: -9/61      AC: 10    Str: 23    XL:     7   Next: 61%
Magic:  6/6        EV: 10    Int:  5    God:    Okawaru [......]
Gold:   253        SH:  4    Dex:  9    Spells: 6/6 levels left

rFire   + . .        a - +0 war axe
rCold   x . .        c - +0 buckler
rNeg    . . .        b - +0 scale mail
rPois   .            (helmet restricted)
rElec   .            i - +0 cloak
rCorr   .            g - +0 pair of gloves
SInv    .            (no boots)
Will    .....        p - amulet of the acrobat Stlth
                     r - ring of fire
HPRegen 0.30/turn    (no ring)
MPRegen 0.10/turn

%: acrobat
@: no status effects
A: horns 2, retaliatory headbutt
a: Renounce Religion


You were on level 5 of the Dungeon.
You worshipped Okawaru.
Okawaru was noncommittal.
You visited 2 branches of the dungeon, and saw 6 of its levels.

You collected 253 gold pieces.

Inventory:

Hand Weapons
 a - a +0 war axe (weapon)
Missiles
 e - 5 javelins (quivered)
Armour
 b - a +0 scale mail (worn)
 c - a +0 buckler (worn)
 g - a +0 pair of gloves (worn)
 i - a +0 cloak (worn)
 u - a +0 chain mail
Jewellery
 p - an amulet of the acrobat (around neck)
 r - a ring of fire (left hand)
 t - a ring of magical power
Scrolls
 j - 5 scrolls of teleportation
 m - 2 scrolls of identify
 o - 3 scrolls of immolation
 v - a scroll of silence {unknown}
Potions
 d - a potion of might
 f - a potion of heal wounds
 h - a potion of berserk rage {unknown}
 k - 3 potions of enlightenment {unknown}
 l - 3 potions of degeneration {unknown}
 n - a potion of resistance {unknown}
 q - a potion of mutation {unknown}
 s - a potion of magic {unknown}


   Skills:
 + Level 5.2 Fighting
 + Level 7.2 Axes
 + Level 6.0 Armour
 + Level 2.1 Dodging
 + Level 1.2 Stealth
 + Level 4.6 Shields


You had 6 spell levels left.
You didn't know any spells.
Your spell library contained the following spells:

 Spells                   Type           Power      Damage    Failure   Level
 Stone Arrow              Conj/Erth      0%         3d7       99%         3
 Dimensional Bullseye     Hex/Tloc       0%         N/A       100%        4
 Iskenderun's Mystic Bla  Conj/Tloc      0%         2d3       100%        4
 Lehudib's Crystal Spear  Conj/Erth      0%         10d2      100%        8
 Tukima's Dance           Hex            Unusable   N/A       N/A         3
 Animate Armour           Summ/Erth      Unusable   N/A       N/A         4

Dungeon Overview and Level Annotations

Branches:
Dungeon (5/15)             Temple (1/1) D:4

Altars:
Ashenzari
Dithmenos
Fedhas
Gozag
Hepliaklqana
Kikubaaqudgha
Makhleb
Nemelex Xobeh
Okawaru
Ru
Sif Muna
Trog
Yredelemnul
Zin
The Shining One

Shops:
D:1 [

Annotations:
D:3 3 runed translucent doors, Gadfly's ghost, weakling DsSh


Innate Abilities, Weirdness & Mutations

You have a pair of horns on your head.
You reflexively headbutt those who attack you in melee.


Message History

You kill the orc!
Okawaru accepts your kill. The orc priest completely misses you.
You hit the orc priest.
The orc priest is moderately wounded.
You hit the orc. You closely miss the orc. The orc hits you but does no damage.
The orc priest hits you but does no damage.
The orc hits you but does no damage.
You hit the orc priest. Your headbutt misses the orc priest.
The orc priest is severely wounded.
You hit the ice beast but do no damage. You hit the orc.
You kill the orc!
Okawaru accepts your kill.
You closely miss the orc. You block the orc's attack.
The orc priest mumbles some strange prayers to Beogh against you.
Pain shoots through your body! The ice beast closely misses you.
You hit the orc priest but do no damage.
You headbutt the orc priest.
You kill the orc priest!
Okawaru accepts your kill.
You hit the ice beast. You barely miss the orc.
The ice beast hits you but does no damage.
You block the orc's attack.
The ice beast hits you but does no damage.
The orc closely misses you.
Your Armour skill increases to level 6!
The orc closely misses you. The ice beast misses you.
Items here: )) [[ ††.
You slash the orc!
You kill the orc!
Okawaru accepts your kill.
You hit the ice beast. The ice beast hits you. The ice beast freezes you!
You feel a terrible chill!
* * * LOW HITPOINT WARNING * * *
You hit the ice beast but do no damage. You headbutt the ice beast.
The ice beast is moderately wounded.
The ice beast hits you.
* * * LOW HITPOINT WARNING * * *
The ice beast freezes you!!
You feel a terrible chill!
You die...

#. .....###(. ....
.>.....#...#.#..#.....
....<..#........##...
.................#..###.
.................#......
#.............#.##.....
#..............[##..#
#...Y)..)).......####
#...@..))..#........#
.......))..))##.........
.....##.......#.........
.... ###...#...........
... .....#.##........ ..
.....##.##.....##. .
..#...##.#.....## .
..##.###....##.|#.
#.###....#......


You could see an ice beast.

Vanquished Creatures
  Sigmund (D:2)
  A centaur (D:5)
  A bombardier beetle (D:3)
  2 jellies
  An orc priest (D:5)
  4 hounds
  Natasha (thrice) (D:2)
  An iguana (D:5)
  An orc wizard (D:4)
  8 adders
  2 dart slugs (D:1)
  3 ribbon worms
  19 orcs
  7 endoplasms
  7 giant cockroaches
  4 goblins
  4 hobgoblins
  4 jackals (D:1)
  3 quokkas
  11 ball pythons
  8 bats
  3 frilled lizards
  7 kobolds
  3 rats (D:1)
108 creatures vanquished.

Vanquished Creatures (others)
  An orc priest (D:5)
1 creature vanquished.

Grand Total: 109 creatures vanquished

Notes
Turn   | Place    | Note
-------+----------+-------------------------------------------
     0 | D:1      | tacotaco the Minotaur Fighter began the quest for the Orb.
     0 | D:1      | Reached XP level 1. HP: 19/19 MP: 0/0
   283 | D:1      | Reached XP level 2. HP: 16/27 MP: 1/1
   393 | D:1      | Found Luttax's Armour Emporium.
   625 | D:1      | Upgraded the game from 0.31.0-10-gcf4a605ca0 to
                  | 0.31.0-11-ge490571c62
   787 | D:1      | Reached XP level 3. HP: 33/33 MP: 2/2
   802 | D:1      | Reached skill level 3 in Axes
  1134 | D:2      | Noticed Natasha
  1142 | D:2      | Killed Natasha
  1143 | D:2      | Reached XP level 4. HP: 40/40 MP: 3/3
  1326 | D:2      | Reached skill level 1 in Dodging
  1326 | D:2      | Noticed Sigmund
  1358 | D:2      | HP: 2/40 [something (3)]
  1373 | D:2      | Killed Sigmund
  1374 | D:2      | Reached skill level 4 in Axes
  1374 | D:2      | Reached XP level 5. HP: 28/47 MP: 4/4
  1467 | D:2      | You fall into a shaft and drop 1 floor!
  1482 | D:2      | Noticed Natasha
  1486 | D:2      | Killed Natasha
  1487 | D:2      | Reached XP level 6. HP: 55/55 MP: 5/5
  1495 | D:2      | Noticed Natasha
  1500 | D:2      | Killed Natasha
  1503 | D:2      | Reached skill level 5 in Fighting
  1817 | D:3      | Reached skill level 5 in Armour
  1922 | D:3      | Found a runed translucent gate.
  1922 | D:3      | Found a runed translucent gate.
  1922 | D:3      | Found a runed translucent gate.
  1923 | D:3      | Noticed Gadfly's ghost (weakling DsSh)
  1943 | D:3      | Reached skill level 5 in Axes
  2430 | D:3      | Found a shimmering blue altar of Sif Muna.
  2927 | D:4      | Reached skill level 1 in Stealth
  3033 | D:4      | Found a staircase to the Ecumenical Temple.
  3045 | Temple   | Entered the Ecumenical Temple
  3072 | Temple   | Became a worshipper of Warmaster Okawaru
  3168 | D:4      | Reached skill level 6 in Axes
  3341 | D:4      | Found a burning altar of Makhleb.
  3341 | D:4      | Noticed a balrug
  3345 | D:4      | Noticed an orange demon
  3345 | D:4      | Noticed a hellwing
  3447 | D:4      | Reached XP level 7. HP: 61/61 MP: 6/6
  4000 | D:5      | Entered Level 5 of the Dungeon
  4128 | D:5      | Reached skill level 7 in Axes
  4142 | D:5      | Mangled by an ice beast

Illustrated notes

Levels and vault maps discovered:
D:1:      dpeg_arrival_court, layout_basic, serial_shops, nicolae_shop_stone,
          grunt_decor_resistance, dk_noncrumbling_2
D:2:      layout_rooms, nicolae_figureground_pulse, uniq_sigmund, uniq_natasha
D:3:      layout_loops_corners, lemuel_blue_sif_altar,
          gammafunk_ghost_nasty_kobolds, st_stairs_14,
          minmay_misc_feat_four_crosses, minmay_between
D:4:      layout_loops_corners, makhleb_altar_promises_db,
          minmay_temple_entry_glass, kennysheep_decorative_pillar
D:5:      layout_cave_pools, minmay_overflow_temple_star_quad,
          chequers_serial_rivers_micro_c
Temple:   cyrus_circular_temple

Skill      XL: |  1  2  3  4  5  6  7 |
---------------+----------------------+-----
Armour         | 4 5 6 |  6.0
Fighting       | 4 5 |  5.2
Shields        | 4 |  4.6
Axes           | 3 4 6 7 |  7.2
Dodging        | 1 2 |  2.1
Stealth        | 1 |  1.2

Action                     |  1- 3 |  4- 6 |  7- 9 || total
---------------------------+-------+-------+-------++-------
  Melee: War axe           |    60 |   149 |    34 ||   243
         Headbutt          |     8 |    15 |     5 ||    28
  Throw: Javelin           |       |     1 |       ||     1
    Use: Scroll            |     3 |     5 |       ||     8
         Potion            |       |     1 |       ||     1
 Armour: Scale mail        |    47 |   104 |    37 ||   188
  Dodge: Dodged            |    35 |    51 |    41 ||   127
  Block: Buckler           |    13 |    16 |    15 ||    44
